 Dungeon Sprint DCSS version 0.28-a0-1447-ga5a8893891 (webtiles) character file.

Game seed: 6462366958173549446

79 mhtbhm the Covered (level 4, -5/66 HPs)
             Began as a Minotaur Fighter on Jan 10, 2022.
             Was an Initiate of Gozag.
             Slain by a polar bear (7 damage)
             ... in the Dungeon (Sprint VII: "The Pits").
             The game lasted 00:01:00 (653 turns).

mhtbhm the Covered (Minotaur Fighter)                Turns: 653, Time: 00:01:02

Health: -5/66      AC: 13    Str: 22    XL:     4   Next: 16%
Magic:  3/3        EV:  7    Int:  5    God:    Gozag
Gold:   450        SH:  5    Dex: 10    Spells: 3/3 levels left

rFire   . . .      SeeInvis .   a - +2 hand axe (vorpal)
rCold   . . .      Faith    .   c - +0 buckler
rNeg    . . .      Spirit   .   b - +3 chain mail
rPois   .          Reflect  .   (helmet restricted)
rElec   .          Harm     .   (no cloak)
rCorr   .          Rampage  .   (no gloves)
Will    .....      NoTele   +   (no boots)
Stlth   ..........              (no amulet)
HPRegen 0.21/turn               (no ring)
MPRegen 0.08/turn               (no ring)

@: berserking, lethally poisoned (-5 -> -108), very quick
A: horns 2, retaliatory headbutt
a: Renounce Religion, Potion Petition, Call Merchant, Bribe Branch


You were in the Dungeon.
You worshipped Gozag.
Gozag was aware of your devotion.
You visited 1 branch You collected 450 gold pieces.

Inventory:

Hand Weapons
 a - a +2 vorpal hand axe (weapon)
Missiles
 n - 3 poisoned darts (quivered)
Armour
 b - a +3 chain mail (worn)
 c - a +0 buckler (worn)
Scrolls
 j - a scroll of blinking
 l - 5 scrolls of amnesia
 m - a scroll of summoning
Potions
 d - a potion of might
 e - 5 potions of curing
 f - 6 potions of heal wounds
 g - a potion of haste
 h - 4 potions of magic
 i - 2 potions of berserk rage
 k - 2 potions of invisibility


   Skills:
 + Level 6.1 Fighting
 + Level 4.5 Axes
 + Level 6.8 Armour
 + Level 0.2 Dodging
 + Level 5.9 Shields


You had 3 spell levels left.
You didn't know any spells.
Your spell library was empty.

Dungeon Overview and Level Annotations

Branches:
Dungeon (1/1)

Altars:
Ashenzari
Cheibriados
Dithmenos
Elyvilon
Fedhas
Gozag
Hepliaklqana
Kikubaaqudgha
Makhleb
Nemelex Xobeh
Okawaru
Qazlal
Ru
Sif Muna
Trog
Uskayaw
Vehumet
Wu Jian
Xom
Yredelemnul
Zin
The Shining One
Beogh
Jiyva
Lugonu


Innate Abilities, Weirdness & Mutations

You have a pair of horns on your head.
You reflexively headbutt those who attack you in melee.


Message History

Your headbutt misses the kobold brigand.
The kobold brigand is heavily wounded.
You hit the polar bear.
The kobold brigand hits you but does no damage.
You hit the kobold brigand but do no damage.
The kobold brigand is heavily wounded.
You hit the polar bear but do no damage.
You slash the redback! The redback bites you!
The polar bear closely misses you. You block the polar bear's attack.
The polar bear claws you but does no damage.
The kobold brigand hits you but does no damage.
You hit the kobold brigand.
The kobold brigand is severely wounded.
You hit the redback. You slash the polar bear! The redback bites you.
You are lethally poisoned!
The redback poisons you! The polar bear barely misses you. x2
The polar bear claws you but does no damage.
The redback bites you.
You are more poisoned.
The redback poisons you!
You hit the redback.
The redback is almost dead.
You closely miss the kobold brigand. You hit the polar bear.
You feel extremely sick. You block the kobold brigand's attack.
You block the redback's attack.
The polar bear goes berserk!
Unknown command.
You closely miss the redback.
The redback is almost dead.
You slash the polar bear! You miss the kobold brigand.
* * * LOW HITPOINT WARNING * * *
You feel extremely sick. The redback bites you.
* * * LOW HITPOINT WARNING * * *
You are more poisoned.
The redback poisons you!
The kobold brigand hits you but does no damage.
The polar bear bites you!
You die...
Your body crumbles into a pile of gold.

__.# __.#
...###########++######
##'##................#
)'.##......#..#......#
##.##................+
...)'................+
#####......#..#s.....#
...##..........h@....#
##'#####'#####'K######
)..##.......##''#
...##.......##..#
'####.......##..#
...##...<...##..#
...##.......##..#
...##.......##..#
#####.......##.sh


You could see a polar bear (berserk), a redback and a kobold brigand.

Vanquished Creatures
  A kobold brigand (D)
  A ball python (D)
  2 kobolds (D)
  2 quokkas (D)
  3 bats (D)
9 creatures vanquished.

Notes
Turn   | Place    | Note
-------+----------+-------------------------------------------
     0 | D        | mhtbhm the Minotaur Fighter began the quest for the Orb.
     0 | D        | Reached XP level 1. HP: 19/19 MP: 0/0
    18 | D        | Found a bloodstained altar of Trog.
    18 | D        | Found a shimmering blue altar of Sif Muna.
    18 | D        | Found a viscous altar of Jiyva.
    18 | D        | Found a hazy altar of Hepliaklqana.
    18 | D        | Found an opulent altar of Gozag.
    19 | D        | Found a glowing golden altar of the Shining One.
    19 | D        | Found a glowing silver altar of Zin.
    19 | D        | Found a basalt altar of Yredelemnul.
    19 | D        | Found a shimmering altar of Xom.
    19 | D        | Found an ornate altar of the Wu Jian Council.
    19 | D        | Found a sacrificial altar of Ru.
    19 | D        | Found a stormy altar of Qazlal.
    19 | D        | Found an iron altar of Okawaru.
    19 | D        | Found a sparkling altar of Nemelex Xobeh.
    19 | D        | Found a burning altar of Makhleb.
    19 | D        | Found a blossoming altar of Fedhas.
    19 | D        | Found a white marble altar of Elyvilon.
    19 | D        | Found a shadowy altar of Dithmenos.
    19 | D        | Found a snail-covered altar of Cheibriados.
    21 | D        | Found a radiant altar of Vehumet.
    21 | D        | Found a corrupted altar of Lugonu.
    22 | D        | Found a hide-covered altar of Uskayaw.
    22 | D        | Found an ancient bone altar of Kikubaaqudgha.
    22 | D        | Found a broken altar of Ashenzari.
    42 | D        | Became a worshipper of Gozag Ym Sagoz the Greedy
   326 | D        | Reached XP level 2. HP: 24/28 MP: 1/1
   370 | D        | Noticed a kobold brigand
   385 | D        | Killed a kobold brigand
   386 | D        | Reached skill level 5 in Shields
   386 | D        | Reached XP level 3. HP: 15/37 MP: 2/2
   386 | D        | Reached XP level 4. HP: 18/44 MP: 3/3
   636 | D        | Noticed a kobold brigand
   636 | D        | Noticed a polar bear
   636 | D        | Noticed a redback
   653 | D        | HP: 2/66 [redback (5)]
   653 | D        | Slain by a polar bear

Illustrated notes

Levels and vault maps discovered:
D:        pitsprint [storerooms_1, entrance_room_1, metal_vault_3, armoury_3,
          mini_pit_1, grid_room_1, main_hall_1, silver_pit, the_coven_1,
          the_vestibule_1, steel_vault_1, golden_pit, hallway_of_sentries,
          crystal_vault_3, iron_vault_4, final_vault]

Skill      XL: |  1  2 |
---------------+-------+-----
Fighting       | 4 6 |  6.1
Armour         | 4 6 |  6.8
Shields        | 4 5 |  5.9
Axes           | 3 4 |  4.5
Dodging        | |  0.2

Action                   |  1- 3 |  4- 6 || total
-------------------------+-------+-------++-------
Melee: Hand axe          |    32 |    10 ||    42
       War axe           |     1 |       ||     1
       Headbutt          |     1 |       ||     1
  Use: Potion            |       |     2 ||     2
Armor: Scale mail        |     9 |       ||     9
       Chain mail        |       |     9 ||     9
Dodge: Dodged            |    15 |     5 ||    20
Block: Buckler           |    11 |     4 ||    15

Table legend: (Time is in decaauts)
 A = Elapsed time spent in this place.
 B = Non-inter-level travel time spent in this place.
 C = Inter-level travel time spent in this place.
 D = Time resting spent in this place.
 E = Time spent auto-exploring this place.
 F = Levels seen in this place.
 G = Mean time per level.
                   A        B        C        D        E       F      G
               +--------+--------+--------+--------+--------+-----+--------+
         Total |    657 |    657 |      0 |    405 |     45 |   1 |  657.0 |
       Dungeon |    657 |    657 |      0 |    405 |     45 |   1 |  657.0 |
               +--------+--------+--------+--------+--------+-----+--------+

Top non-repeatable levels by time:
       D: 657 daAuts
